 Dungeon Sprint DCSS version 0.20-a0-785-g17250f0 (webtiles) character file.

28 Kidiri the Magician (level 2, -1/16 HPs)
             Began as a Deep Elf Fire Elementalist on Feb 27, 2017.
             Slain by a human (10 damage)
             ... in the Dungeon (Sprint III: "The Ten Rune Challenge").
             The game lasted 00:01:02 (189 turns).

Kidiri the Magician (Deep Elf Fire Elementalist)     Turns: 189, Time: 00:01:03

Health: -1/16      AC:  2    Str:  5    XL:     2   Next: 96%
Magic:  6/10       EV: 14    Int: 19    God:
Gold:   14         SH:  0    Dex: 15    Spells: 8/11 levels left

rFire    . . .     SeeInvis .   k - +4 dagger (venom)
rCold    . . .     Gourm    .   a - +0 robe
rNeg     . . .     Faith    .   (no shield)
rPois    .         Spirit   .   (no helmet)
rElec    .         Reflect  .   (no cloak)
rCorr    .         Harm     .   (no gloves)
MR       .....     NoTele   +   (no boots)
Stlth    ++........             (no amulet)
Regen    0.1/turn               (no ring)
MPRegen  0.2/turn               (no ring)

@: very slightly contaminated
A: no striking features
a: no special abilities


You were in the Dungeon.
You were not hungry.

You visited 1 branch You collected 14 gold pieces.

Inventory:

Hand Weapons
 k - a +4 dagger of venom (weapon)
Armour
 a - a +0 robe (worn)
Scrolls
 i - a scroll of blinking
Potions
 d - a potion of ambrosia {unknown}
 e - a potion of heal wounds
 f - a potion of haste
 g - 2 potions of magic
 h - a potion of berserk rage
Books
 b - a book of Flames

   Spells                             Type                      Level
   a - Flame Tongue                   Conjuration/Fire             1
   b - Throw Flame                    Conjuration/Fire             2
   c - Conjure Flame                  Conjuration/Fire             3
   d - Inner Flame                    Hexes/Fire                   3
   e - Sticky Flame                   Conjuration/Fire             4
   f - Fireball                       Conjuration/Fire             5
Comestibles
 c - a bread ration
 j - 3 chunks of flesh
 m - a meat ration


   Skills:
 + Level 1.4 Fighting
 + Level 0.0 Short Blades
 + Level 1.4 Armour
 + Level 3.7 Dodging
 - Level 2.4 Stealth
 * Level 5.1 Spellcasting
 + Level 2.3 Conjurations
 + Level 4.1 Fire Magic


You had 8 spell levels left.
You knew the following spells:

 Your Spells              Type           Power        Failure   Level  Hunger
a - Flame Tongue          Conj/Fire      ###..        3%          1    None
b - Throw Flame           Conj/Fire      ###...       6%          2    #......


Dungeon Overview and Level Annotations

Branches:
Dungeon (1/1)

Altars:


Message History

The human is heavily wounded.
The human barely misses you.
Casting: Flame Tongue
Confirm with . or Enter, or press ? or * to list all spells.
Aiming: Flame Tongue
Press: ? - help, Shift-Dir - straight line, f/p - human
Aim: a human (heavily wounded, poisoned)
The flame tongue hits the human.
The human is severely wounded.
The human hits you!
Casting: Flame Tongue
Confirm with . or Enter, or press ? or * to list all spells.
Aiming: Flame Tongue
Press: ? - help, Shift-Dir - straight line, f/p - human
Aim: a human (severely wounded, poisoned)
You miscast Flame Tongue.
You are very lightly contaminated with residual magic.
Nothing appears to happen.
The human hits you!
Ouch! That really hurt!
You die...

▓.....#
▓.....#...≈≈..
▓.....#..≈≈≈≈♣♣♣
▓####'#..≈≈≈≈≈≈♣
▓[....#.≈≈≈≈≈≈..
▓.....#.≈≈≈≈≈...
▓.....#.≈≈≈.....
▓'#####.........
▓..@p...........
▓▓▓▓▓▓▓▓▓▓▓▓▓▓▓▓


You could see a human.

Vanquished Creatures
  Jessica (D)
  3 rats (D)
4 creatures vanquished.

Vanquished Creatures (others)
  2 draconian scorchers (D)
  A yaktaur (D)
  6 hellions (D)
  A plant (D)
10 creatures vanquished.

Grand Total: 14 creatures vanquished

Notes
Turn   | Place    | Note
-------+----------+-------------------------------------------
     0 | D        | Kidiri the Deep Elf Fire Elementalist began the quest for the Orb.
     0 | D        | Reached XP level 1. HP: 10/10 MP: 6/6
    32 | D        | Noticed Jessica
    38 | D        | Killed Jessica
    38 | D        | Reached skill level 1 in Fighting
    38 | D        | Reached skill level 1 in Armour
    38 | D        | Reached skill level 5 in Spellcasting
    38 | D        | Reached XP level 2. HP: 3/16 MP: 0/10
    51 | D        | Learned a level 2 spell: Throw Flame
    56 | D        | Killed a yaktaur
    76 | D        | Killed a hellion
    76 | D        | Killed a hellion
   116 | D        | Killed a hellion
   117 | D        | Killed a hellion
   117 | D        | Killed a hellion
   118 | D        | Killed a hellion
   135 | D        | Killed a white draconian scorcher
   145 | D        | Killed a white draconian scorcher
   189 | D        | Slain by a human

Vault maps used:
D:        dungeon_sprint_mu

Skill      XL: |  1 |
---------------+----+-----
Fighting       | 1 |  1.4
Armour         | 1 |  1.4
Dodging        | 3 |  3.7
Spellcasting   | 5 |  5.1
Conjurations   | 2 |  2.3
Fire Magic     | 4 |  4.1
Stealth        | |  2.4

Action                   || total
-------------------------++-------
Melee: Unarmed           ||     3
       Dagger            ||     1
 Cast: Flame Tongue      ||    11
       Throw Flame       ||     1
  Use: Potion            ||     1
Dodge: Dodged            ||     6
